 Dungeon Crawl Stone Soup version 0.31.0-11-ge490571c62 (webtiles) character file.

Game seed: 1453420400050846403

17 Arctor the Firebug (level 2, 0/15 HPs)
             Began as a Deep Elf Fire Elementalist on Feb 3, 2024.
             Slain by a jackal (3 damage)
             ... on level 1 of the Dungeon.
             The game lasted 00:01:11 (1415 turns).

Arctor the Firebug (Deep Elf Fire Elementalist)     Turns: 1415, Time: 00:01:11

Health: 0/15       AC:  2    Str:  5    XL:     2   Next: 44%
Magic:  2/8        EV: 13    Int: 19    God:
Gold:   61         SH:  0    Dex: 15    Spells: 4/7 levels left

rFire   . . .        (no weapon)
rCold   . . .        (no shield)
rNeg    . . .        a - +0 robe
rPois   .            (no helmet)
rElec   .            (no cloak)
rCorr   .            (no gloves)
SInv    .            (no boots)
Will    .....        (no amulet)
Stlth   ++           (no ring)
HPRegen 0.22/turn    (no ring)
MPRegen 0.11/turn

%: no passive effects
@: no status effects
A: no striking features
a: no special abilities


You were on level 1 of the Dungeon.
You visited 1 branch of the dungeon, and saw 2 of its levels.

You collected 61 gold pieces.

Inventory:

Armour
 a - a +0 robe (worn)
Jewellery
 j - an amulet of guardian spirit
Scrolls
 c - a scroll of silence {unknown}
 e - a scroll of revelation {unknown}
Potions
 b - a potion of magic
 d - a potion of brilliance {unknown}
 f - a potion of mutation {unknown}
 g - a potion of haste {unknown}
 h - a potion of curing {unknown}
 i - a potion of degeneration {unknown}


   Skills:
 + Level 2.7 Dodging
 + Level 2.8 Stealth
 + Level 3.3 Spellcasting
 + Level 1.5 Conjurations
 + Level 3.5 Fire Magic


You had 4 spell levels left.
You knew the following spells:

 Your Spells              Type           Power      Damage    Failure   Level
a - Foxfire               Conj/Fire      48%        2x1d6     5%          1
b - Scorch                Fire           32%        2d6       5%          2

Your spell library contained the following spells:

 Spells                   Type           Power      Damage    Failure   Level
 Inner Flame              Hex/Fire       9%         N/A       22%         3
 Volatile Blastmotes      Fire/Tloc      18%        2d11      22%         3
 Flame Wave               Conj/Fire      12%        2d6       45%         4


Dungeon Overview and Level Annotations

Branches:
Dungeon (2/15)

Altars:


Message History

Unknown command.
Casting: Scorch (safe; 5% risk of failure)
Confirm with . or Enter, or press ? or * to list all spells.
Flames lash the jackal.
You kill the jackal!
The jackal completely misses you. The jackal closely misses you. x2
The jackal bites you.
An endoplasm comes into view.
The jackal barely misses you.
You are too injured to fight recklessly!
Casting: Scorch (safe; 5% risk of failure)
Confirm with . or Enter, or press ? or * to list all spells.
Flames lash the jackal.
You kill the jackal!
The jackal barely misses you. x2
Unknown command.
Casting: Scorch (safe; 5% risk of failure)
Confirm with . or Enter, or press ? or * to list all spells.
You don't have enough magic to cast this spell.
Unknown command.
Casting: Scorch (safe; 5% risk of failure)
Confirm with . or Enter, or press ? or * to list all spells.
You don't have enough magic to cast this spell.
Unknown command.
The jackal pauses to sniff the ground.
The jackal bites you. The jackal closely misses you. The jackal bites you.
You climb upwards.
There is a stone staircase leading down here.
You are too injured to fight recklessly!
You are too injured to fight recklessly!
There are monsters nearby!
The jackal barely misses you. The jackal bites you. x2
* * * LOW HITPOINT WARNING * * *
The jackal misses you. The jackal bites you.
* * * LOW HITPOINT WARNING * * *
The jackal bites you but does no damage.
The jackal misses you.
The jackal bites you but does no damage.
The jackal attacks as it pursues you! The jackal bites you.
You die...

.................#
#.....# ###.#
#######...####.#.#
####### #...#
..######.#####.#.# #.###
.........#
#.....######### #.#
#.########
#.............####.# #.#
#...............##.# ..#
#..h..#######.#.##.# ###
#>h.h[# #.#.##.# #
#.###@# #.#.##.# # #.#
#.### #.#.##.# # #.#
#...# ##.#.##.# # #.#
###.# #.....#.# # #.# #.#
#.....#.# #
#.#####.####.....#.# #
#####......#...........#
#
##...###.###.####.....###
# #.###.##.#.......)...##


You could see 3 jackals.

Vanquished Creatures
  2 ball pythons (D:1)
  3 bats (D:1)
  An endoplasm (D:1)
  3 jackals (D:2)
  A quokka (D:1)
  2 frilled lizards (D:1)
  2 kobolds (D:1)
  3 rats (D:1)
17 creatures vanquished.

Vanquished Creatures (others)
  88 foxfires
88 creatures vanquished.

Grand Total: 105 creatures vanquished

Notes
Turn   | Place    | Note
-------+----------+-------------------------------------------
     0 | D:1      | Arctor the Deep Elf Fire Elementalist began the quest for
                  | the Orb.
     0 | D:1      | Reached XP level 1. HP: 10/10 MP: 6/6
   789 | D:1      | Reached XP level 2. HP: 15/15 MP: 6/8
  1106 | D:1      | Learned a level 2 spell: Scorch
  1415 | D:1      | Slain by a jackal

Illustrated notes

Levels and vault maps discovered:
D:1:      lightli_arrival_maybe_door_vault, layout_loops_ring
D:2:      layout_loops_cross, basic_altar

Action                     || total
---------------------------++-------
  Melee: Unarmed           ||    28
         Punch             ||     1
   Cast: Foxfire           ||    76
         Scorch            ||     3
   Stab: Sleeping          ||     2
 Armour: Robe              ||    36
  Dodge: Dodged            ||    49
